General information
- name: BNet
- type: Ladder team game (AT/RT)
- host: Battle.net
- saver: GI.Blues
map: HurricaneIsle
- players: 8
- length: 58:14
- speed: Fast
- version: 1.26 W3XP
- replay type: Public
» download(283 KB)
Players
team 1 (winner)
UnluckyBassTurd (
purple | 32 APM | 1884 actions | 58:13)
5 Death Knight
3 Death Coil
1 Death Pact
1 Unholy Aura
4 Crypt Lord
2 Carrion Beetles
2 Impale
2 Dreadlord
1 Vampiric Aura
1 Carrion Swarm
» actions
| Basic commands | 121 | |
| Build / train | 115 | |
| Enter build submenu | 41 | |
| Enter hero's abilities submenu | 11 | |
| Give item / drop item | 5 | |
| Remove unit from queue | 4 | |
| Right click | 815 | |
| Select / deselect | 666 | |
| Use ability | 104 | |
1884 total
» units
| Acolyte | 18 | |
| Ghoul | 2 | |
| Crypt Fiend | 5 | |
| Goblin Shredder | 2 | |
| Gargoyle | 6 | |
| Goblin Zeppelin | 6 | |
| Frost Wyrm | 16 | |
55 total
» upgrades
| Web | 1 | |
| Freezing Breath | 1 | |
| Creature Attack | 3 | |
| Creature Carapace | 3 | |
8 total
» buildings
| Crypt | 1 | |
| Altar of Darkness | 3 | |
| Ziggurat | 20 | |
| Graveyard | 1 | |
| Tomb of Relics | 1 | |
| Halls of the Dead | 1 | |
| Necropolis | 5 | |
| Black Citadel | 1 | |
| Sacrificial Pit | 1 | |
| Spirit Tower | 17 | |
| Boneyard | 3 | |
54 total
» build order
00:08 Crypt
00:12 Altar of Darkness
00:38 Ziggurat
01:00 Graveyard
01:33 Ziggurat
02:08 Tomb of Relics
02:33 Halls of the Dead
04:20 Ziggurat
05:28 Necropolis
07:45 Black Citadel
08:06 Ziggurat
08:08 Ziggurat
08:11 Ziggurat
08:44 Sacrificial Pit
10:11 Spirit Tower
10:12 Spirit Tower
10:13 Spirit Tower
12:55 Boneyard
12:56 Spirit Tower
12:57 Spirit Tower
12:59 Spirit Tower
13:03 Ziggurat
13:33 Necropolis
13:37 Ziggurat
14:16 Ziggurat
14:22 Boneyard
14:31 Boneyard
14:56 Ziggurat
14:58 Ziggurat
15:00 Ziggurat
15:04 Ziggurat
15:07 Ziggurat
15:09 Ziggurat
16:01 Spirit Tower
16:02 Spirit Tower
16:03 Spirit Tower
16:04 Spirit Tower
16:05 Spirit Tower
16:07 Spirit Tower
21:52 Altar of Darkness
26:32 Necropolis
28:27 Ziggurat
28:28 Ziggurat
28:30 Ziggurat
28:32 Ziggurat
28:35 Ziggurat
30:20 Spirit Tower
30:22 Spirit Tower
30:23 Spirit Tower
30:25 Spirit Tower
30:25 Spirit Tower
33:51 Necropolis
37:35 Altar of Darkness
39:10 Necropolis
» items
| Rod of Necromancy | 1 | |
| Scroll of Town Portal | 8 | |
| Orb of Corruption | 2 | |
| Staff of Teleportation | 2 | |
| Boots of Speed | 2 | |
| Potion of Lesser Invulnerability | 3 | |
18 total
rivast123 (
green | 29 APM | 1269 actions | 43:45)
4 Warden
2 Blink
2 Shadow Strike
» actions
| Build / train | 107 | |
| Enter build submenu | 38 | |
| Enter hero's abilities submenu | 4 | |
| Remove unit from queue | 5 | |
| Right click | 554 | |
| Select / deselect | 494 | |
| Use ability | 67 | |
1269 total
» units
| Wisp | 30 | |
| Archer | 20 | |
| Hippogryph | 20 | |
| Goblin Zeppelin | 2 | |
| Chimaera | 5 | |
77 total
» upgrades
| Strength of the Wild | 3 | |
| Hippogryph Taming | 1 | |
| Improved Bows | 1 | |
| Marksmanship | 0 | |
| Strength of the Moon | 3 | |
| Reinforced Hides | 0 | |
| Moon Armor | 2 | |
| Corrosive Breath | 1 | |
11 total
» buildings
| Altar of Elders | 1 | |
| Moon Well | 7 | |
| Tree of Ages | 1 | |
| Hunter's Hall | 2 | |
| Ancient of War | 2 | |
| Ancient of Wonders | 1 | |
| Ancient of Wind | 3 | |
| Tree of Eternity | 2 | |
| Ancient Protector | 12 | |
| Tree of Life | 1 | |
| Chimaera Roost | 3 | |
35 total
» build order
00:41 Altar of Elders
00:50 Moon Well
02:40 Tree of Ages
02:57 Moon Well
03:05 Moon Well
03:09 Hunter's Hall
03:12 Ancient of War
03:18 Ancient of Wonders
05:13 Ancient of Wind
05:16 Ancient of Wind
05:21 Ancient of Wind
06:36 Tree of Eternity
06:37 Tree of Eternity
06:59 Moon Well
07:10 Moon Well
07:39 Ancient Protector
07:41 Ancient Protector
07:50 Ancient Protector
08:36 Ancient Protector
08:41 Ancient Protector
11:48 Tree of Life
17:12 Ancient Protector
17:56 Ancient Protector
17:59 Ancient Protector
18:03 Ancient Protector
18:06 Ancient Protector
18:09 Ancient Protector
18:12 Ancient Protector
20:21 Ancient of War
22:16 Moon Well
22:53 Moon Well
23:57 Hunter's Hall
26:18 Chimaera Roost
26:19 Chimaera Roost
26:21 Chimaera Roost
» items
| Scroll of Town Portal | 2 | |
| Potion of Healing | 1 | |
3 total
LordZedd (
orange | 30 APM | 1719 actions | 58:13)
10 Death Knight
3 Death Coil
3 Unholy Aura
3 Death Pact
1 Animate Dead
» actions
| Assign group hotkey | 61 | |
| Basic commands | 86 | |
| Build / train | 73 | |
| Enter build submenu | 50 | |
| Enter hero's abilities submenu | 9 | |
| Give item / drop item | 12 | |
| Remove unit from queue | 4 | |
| Right click | 755 | |
| Select / deselect | 385 | |
| Select group hotkey | 148 | |
| Use ability | 135 | |
1719 total
» units
| Acolyte | 9 | |
| Ghoul | 5 | |
| Goblin Shredder | 2 | |
| Frost Wyrm | 6 | |
| Goblin Zeppelin | 3 | |
25 total
» upgrades
| Freezing Breath | 1 | |
| Creature Attack | 3 | |
| Creature Carapace | 4 | |
8 total
» buildings
| Crypt | 1 | |
| Ziggurat | 25 | |
| Altar of Darkness | 1 | |
| Tomb of Relics | 2 | |
| Halls of the Dead | 1 | |
| Black Citadel | 1 | |
| Graveyard | 1 | |
| Sacrificial Pit | 1 | |
| Boneyard | 6 | |
| Spirit Tower | 8 | |
| Necropolis | 1 | |
48 total
» build order
01:01 Crypt
01:02 Ziggurat
01:44 Ziggurat
02:46 Altar of Darkness
03:03 Tomb of Relics
03:11 Halls of the Dead
05:35 Black Citadel
05:51 Graveyard
05:57 Ziggurat
06:20 Sacrificial Pit
08:55 Boneyard
08:58 Boneyard
11:04 Spirit Tower
11:07 Ziggurat
11:09 Ziggurat
11:09 Ziggurat
11:12 Ziggurat
12:40 Spirit Tower
12:44 Ziggurat
12:45 Ziggurat
12:47 Ziggurat
12:49 Ziggurat
12:51 Ziggurat
12:52 Ziggurat
14:38 Ziggurat
14:42 Ziggurat
14:43 Ziggurat
14:51 Ziggurat
14:54 Ziggurat
14:57 Ziggurat
15:04 Ziggurat
15:08 Ziggurat
15:11 Ziggurat
15:46 Spirit Tower
15:50 Spirit Tower
15:58 Spirit Tower
16:18 Spirit Tower
16:27 Ziggurat
16:40 Ziggurat
18:24 Spirit Tower
18:49 Ziggurat
19:53 Spirit Tower
20:11 Necropolis
29:38 Boneyard
29:40 Boneyard
29:41 Boneyard
29:42 Boneyard
35:14 Tomb of Relics
» items
| Rod of Necromancy | 2 | |
| Potion of Mana | 1 | |
| Orb of Corruption | 1 | |
| Sacrificial Skull | 1 | |
| Pendant of Energy | 1 | |
| Book of the Dead | 1 | |
| Scroll of Town Portal | 5 | |
| Helm of Valor | 1 | |
| Belt of Giant Strength +6 | 2 | |
15 total
GI.Blues (
blue | 44 APM | 2573 actions | 58:14)
7 Dreadlord
3 Sleep
3 Vampiric Aura
1 Inferno
7 Death Knight
3 Death Coil
3 Unholy Aura
1 Animate Dead
» actions
| Assign group hotkey | 207 | |
| Basic commands | 134 | |
| Build / train | 119 | |
| Enter build submenu | 33 | |
| Enter hero's abilities submenu | 15 | |
| Give item / drop item | 14 | |
| Remove unit from queue | 2 | |
| Right click | 667 | |
| Select / deselect | 746 | |
| Select group hotkey | 440 | |
| Use ability | 196 | |
2573 total
» units
| Acolyte | 13 | |
| Ghoul | 4 | |
| Crypt Fiend | 6 | |
| Obsidian Statue | 18 | |
| Goblin Zeppelin | 3 | |
44 total
» upgrades
| Creature Attack | 3 | |
| Creature Carapace | 3 | |
| Web | 1 | |
| Destroyer Form | 1 | |
| Burrow | 1 | |
| Unholy Armor | 3 | |
| Unholy Strength | 3 | |
| Ghoul Frenzy | 1 | |
| Backpack | 1 | |
| Cannibalize | 1 | |
| Stone Form | 1 | |
| Disease Cloud | 1 | |
| Exhume Corpses | 1 | |
| Banshee Training | 2 | |
| Necromancer Training | 3 | |
| Skeletal Mastery | 1 | |
| Skeletal Longevity | 1 | |
| Freezing Breath | 1 | |
29 total
» buildings
| Altar of Darkness | 1 | |
| Ziggurat | 19 | |
| Graveyard | 3 | |
| Crypt | 1 | |
| Halls of the Dead | 3 | |
| Tomb of Relics | 1 | |
| Spirit Tower | 13 | |
| Black Citadel | 1 | |
| Slaughterhouse | 2 | |
| Necropolis | 1 | |
| Sacrificial Pit | 1 | |
| Temple of the Damned | 1 | |
| Boneyard | 2 | |
49 total
» build order
00:06 Altar of Darkness
00:12 Ziggurat
00:43 Graveyard
01:01 Crypt
01:19 Ziggurat
02:50 Ziggurat
04:42 Halls of the Dead
04:42 Halls of the Dead
05:18 Tomb of Relics
05:23 Spirit Tower
05:24 Spirit Tower
05:24 Spirit Tower
05:34 Ziggurat
05:48 Spirit Tower
07:37 Black Citadel
07:42 Slaughterhouse
07:57 Slaughterhouse
08:25 Spirit Tower
10:26 Ziggurat
11:32 Spirit Tower
12:34 Ziggurat
13:25 Ziggurat
13:27 Spirit Tower
14:15 Ziggurat
14:17 Spirit Tower
15:59 Spirit Tower
21:18 Ziggurat
24:30 Spirit Tower
32:47 Necropolis
34:01 Ziggurat
34:03 Ziggurat
34:08 Ziggurat
34:12 Ziggurat
35:26 Spirit Tower
35:26 Spirit Tower
39:43 Ziggurat
39:44 Ziggurat
39:46 Ziggurat
39:48 Ziggurat
39:50 Ziggurat
39:51 Ziggurat
40:57 Spirit Tower
41:26 Sacrificial Pit
41:31 Temple of the Damned
42:36 Boneyard
42:37 Boneyard
45:07 Graveyard
45:09 Graveyard
» items
| Boots of Speed | 2 | |
| Staff of Teleportation | 2 | |
| Claws of Attack +9 | 1 | |
| Claws of Attack +6 | 1 | |
| Potion of Healing | 1 | |
| Scroll of Town Portal | 2 | |
| Orb of Corruption | 1 | |
| Scroll of Healing | 1 | |
11 total
team 2 (loser)

»
Niggels (
pink | 55 APM | 1182 actions | 21:24)
7 Death Knight
3 Death Coil
3 Unholy Aura
1 Animate Dead
» actions
| Basic commands | 28 | |
| Build / train | 68 | |
| Enter build submenu | 31 | |
| Enter hero's abilities submenu | 7 | |
| Give item / drop item | 2 | |
| Right click | 525 | |
| Select / deselect | 427 | |
| Use ability | 94 | |
1182 total
» units
| Acolyte | 8 | |
| Ghoul | 7 | |
| Crypt Fiend | 2 | |
| Gargoyle | 19 | |
| Goblin Zeppelin | 2 | |
| Frost Wyrm | 2 | |
40 total
» upgrades
| Unholy Armor | 1 | |
| Unholy Strength | 1 | |
| Creature Attack | 3 | |
| Creature Carapace | 3 | |
| Stone Form | 1 | |
| Freezing Breath | 1 | |
10 total
» buildings
| Ziggurat | 10 | |
| Altar of Darkness | 1 | |
| Crypt | 2 | |
| Graveyard | 1 | |
| Tomb of Relics | 1 | |
| Halls of the Dead | 1 | |
| Sacrificial Pit | 1 | |
| Black Citadel | 1 | |
| Spirit Tower | 2 | |
| Necropolis | 1 | |
| Boneyard | 1 | |
| Nerubian Tower | 1 | |
23 total
» build order
00:07 Ziggurat
00:09 Altar of Darkness
00:42 Crypt
01:10 Ziggurat
01:21 Graveyard
01:52 Tomb of Relics
02:00 Ziggurat
02:42 Ziggurat
03:27 Halls of the Dead
07:24 Ziggurat
07:26 Ziggurat
07:28 Ziggurat
07:29 Ziggurat
08:11 Crypt
08:14 Ziggurat
09:53 Sacrificial Pit
09:57 Black Citadel
11:44 Spirit Tower
11:46 Ziggurat
11:57 Necropolis
14:47 Boneyard
16:04 Nerubian Tower
18:39 Spirit Tower
» items
I-C (
yellow | 40 APM | 751 actions | 18:50)
5 Blademaster
3 Wind Walk
2 Critical Strike
» actions
| Basic commands | 26 | |
| Build / train | 90 | |
| Enter build submenu | 23 | |
| Enter hero's abilities submenu | 5 | |
| Give item / drop item | 7 | |
| Remove unit from queue | 2 | |
| Right click | 221 | |
| Select / deselect | 323 | |
| Use ability | 54 | |
751 total
» units
| Peon | 17 | |
| Goblin Shredder | 1 | |
| Troll Batrider | 33 | |
| Goblin Zeppelin | 1 | |
52 total
» upgrades
| Ranged Weapons | 3 | |
| Armor | 3 | |
| Liquid Fire | 1 | |
| Reinforced Defenses | 1 | |
| Spiked Barricades | 1 | |
9 total
» buildings
| Altar of Storms | 1 | |
| Orc Burrow | 8 | |
| War Mill | 1 | |
| Voodoo Lounge | 2 | |
| Stronghold | 1 | |
| Great Hall | 2 | |
| Fortress | 2 | |
| Beastiary | 4 | |
21 total
» build order
00:22 Altar of Storms
00:37 Orc Burrow
00:54 War Mill
01:11 Voodoo Lounge
01:40 Orc Burrow
03:13 Stronghold
03:41 Orc Burrow
04:44 Orc Burrow
05:04 Great Hall
05:38 Fortress
05:38 Fortress
05:58 Voodoo Lounge
06:33 Great Hall
06:48 Beastiary
07:00 Beastiary
07:02 Beastiary
07:19 Beastiary
10:43 Orc Burrow
14:20 Orc Burrow
15:28 Orc Burrow
16:26 Orc Burrow
» items
| Healing Salve | 2 | |
| Lesser Clarity Potion | 2 | |
| Orb of Lightning | 1 | |
| Tiny Great Hall | 2 | |
| Scroll of Healing | 2 | |
| Staff of Teleportation | 1 | |
| Scroll of Town Portal | 1 | |
11 total
DABILO3DUMB (
red | 51 APM | 2983 actions | 58:13)
9 Blademaster
3 Wind Walk
3 Critical Strike
1 Bladestorm
2 Mirror Image
2 Shadow Hunter
1 Hex
1 Healing Wave
» actions
| Assign group hotkey | 65 | |
| Basic commands | 118 | |
| Build / train | 139 | |
| Enter build submenu | 35 | |
| Enter hero's abilities submenu | 11 | |
| Give item / drop item | 13 | |
| Remove unit from queue | 1 | |
| Right click | 942 | |
| Select / deselect | 555 | |
| Select group hotkey | 867 | |
| Use ability | 237 | |
2983 total
» units
| Peon | 21 | |
| Goblin Shredder | 2 | |
| Wind Rider | 9 | |
| Goblin Zeppelin | 5 | |
| Demolisher | 2 | |
| Goblin Sapper | 8 | |
| Troll Batrider | 8 | |
| Troll Headhunter/Berserker | 18 | |
| Crypt Fiend | 6 | |
| Kodo Beast | 3 | |
82 total
» upgrades
| Ranged Weapons | 2 | |
| Armor | 2 | |
| Reinforced Defenses | 1 | |
| Envenomed Spears | 1 | |
| Liquid Fire | 1 | |
| Berserker Upgrade | 1 | |
| Troll Regeneration | 1 | |
| Burning Oil | 1 | |
| Web | 1 | |
| Burrow | 1 | |
| Shaman Training | 2 | |
| Witch Doctor Training | 2 | |
16 total
» buildings
| Altar of Storms | 1 | |
| Orc Burrow | 9 | |
| Stronghold | 2 | |
| Voodoo Lounge | 3 | |
| War Mill | 1 | |
| Beastiary | 4 | |
| Fortress | 2 | |
| Watch Tower | 33 | |
| Barracks | 7 | |
| Crypt | 3 | |
| Graveyard | 1 | |
| Halls of the Dead | 2 | |
| Ziggurat | 3 | |
| Altar of Darkness | 1 | |
| Nerubian Tower | 1 | |
| Tomb of Relics | 1 | |
| Spirit Lodge | 2 | |
76 total
» build order
00:14 Altar of Storms
00:21 Orc Burrow
01:54 Stronghold
01:54 Stronghold
02:13 Orc Burrow
02:26 Voodoo Lounge
02:34 War Mill
03:13 Orc Burrow
04:04 Orc Burrow
04:30 Beastiary
05:22 Beastiary
05:55 Fortress
05:56 Fortress
08:41 Watch Tower
08:41 Watch Tower
08:41 Watch Tower
08:42 Watch Tower
08:43 Watch Tower
08:43 Watch Tower
10:10 Watch Tower
10:11 Watch Tower
12:15 Barracks
12:17 Barracks
12:49 Orc Burrow
12:49 Orc Burrow
12:50 Orc Burrow
12:59 Beastiary
13:00 Beastiary
13:38 Watch Tower
13:39 Watch Tower
13:41 Watch Tower
13:42 Watch Tower
13:43 Watch Tower
13:43 Watch Tower
13:44 Watch Tower
13:45 Watch Tower
13:46 Watch Tower
13:47 Watch Tower
13:48 Watch Tower
14:13 Watch Tower
23:15 Orc Burrow
23:15 Orc Burrow
24:57 Barracks
24:57 Barracks
25:35 Watch Tower
25:35 Watch Tower
25:36 Watch Tower
26:49 Watch Tower
26:49 Watch Tower
33:29 Barracks
33:29 Barracks
33:30 Barracks
39:11 Crypt
39:12 Crypt
39:13 Crypt
40:24 Graveyard
40:30 Halls of the Dead
42:05 Ziggurat
42:06 Ziggurat
43:06 Altar of Darkness
43:08 Nerubian Tower
44:06 Tomb of Relics
44:59 Watch Tower
44:59 Watch Tower
44:59 Watch Tower
45:04 Watch Tower
45:04 Watch Tower
45:06 Watch Tower
45:06 Watch Tower
45:07 Watch Tower
45:36 Voodoo Lounge
45:49 Voodoo Lounge
46:42 Spirit Lodge
46:43 Spirit Lodge
» items
| Healing Salve | 4 | |
| Lesser Clarity Potion | 1 | |
| Tiny Great Hall | 2 | |
| Orb of Lightning | 1 | |
| Potion of Healing | 1 | |
| Scroll of Town Portal | 6 | |
| Scroll of Healing | 1 | |
| Wand of Illusion | 1 | |
| Staff of Teleportation | 1 | |
18 total
thekensai (
teal | 45 APM | 853 actions | 18:48)
2 Blademaster
1 Wind Walk
1 Critical Strike
» actions
| Assign group hotkey | 14 | |
| Build / train | 51 | |
| ESC pressed | 8 | |
| Enter build submenu | 23 | |
| Enter hero's abilities submenu | 2 | |
| Give item / drop item | 2 | |
| Right click | 323 | |
| Select / deselect | 178 | |
| Select group hotkey | 142 | |
| Use ability | 110 | |
853 total
» units
| Peon | 5 | |
| Troll Batrider | 29 | |
| Goblin Shredder | 1 | |
35 total
» upgrades
| Ranged Weapons | 4 | |
| Liquid Fire | 1 | |
| Armor | 3 | |
| Reinforced Defenses | 1 | |
9 total
» buildings
| War Mill | 1 | |
| Stronghold | 1 | |
| Altar of Storms | 1 | |
| Orc Burrow | 5 | |
| Voodoo Lounge | 1 | |
| Beastiary | 3 | |
| Fortress | 1 | |
| Watch Tower | 11 | |
24 total
» build order
01:23 War Mill
01:29 Stronghold
01:40 Altar of Storms
01:47 Orc Burrow
02:42 Voodoo Lounge
03:52 Beastiary
03:54 Beastiary
04:16 Orc Burrow
06:08 Orc Burrow
06:14 Orc Burrow
06:26 Fortress
06:48 Beastiary
07:49 Orc Burrow
13:31 Watch Tower
13:31 Watch Tower
13:32 Watch Tower
13:34 Watch Tower
13:34 Watch Tower
13:35 Watch Tower
16:34 Watch Tower
16:34 Watch Tower
16:35 Watch Tower
16:36 Watch Tower
16:37 Watch Tower
» items
| Healing Salve | 1 | |
| Tiny Great Hall | 1 | |
2 total
Chat log
(00:08 / All) DABILO3DUMB: lawl green from last game
(00:10 / All) DABILO3DUMB: who went chims
(00:18 / All) GI.Blues: Fuck this shitty tech map
(00:26 / All) Niggels: CHILL BRO
(01:22 / Allies) UnluckyBassTurd: i bet they bat
(03:45 / All) LordZedd: Patriots Packers super bowl
(04:04 / All) LordZedd: Patriots 41 Packers 30
(04:17 / All) LordZedd: Wes Welker and Gronkowski co-MVP
(04:18 / All) DABILO3DUMB: no ravens saints, ravens wins
(04:21 / All) LordZedd: and Brady
(04:25 / Allies) GI.Blues: Units?
(04:31 / Allies) rivast123: hypos
(04:32 / Allies) rivast123: chims
(04:52 / All) LordZedd: Saints will be raped by the great Packers
(05:17 / All) LordZedd: Ravens will be raped by Broncos or great Patriots
(08:59 / All) GI.Blues: Out
(09:02 / All) LordZedd: Damn nigger, get it together
(09:17 / All) I-C: your mother is a nigger
(09:25 / All) Niggels: your nigger is a nigger
(09:57 / Allies) LordZedd: wow
(09:57 / Allies) UnluckyBassTurd: ype bat
(10:37 / Allies) UnluckyBassTurd: repair
(11:26 / Allies) rivast123: rapair
(11:27 / Allies) rivast123: rapir
(11:40 / Allies) UnluckyBassTurd: repaire that
(12:16 / Allies) LordZedd: gold
(12:27 / Allies) UnluckyBassTurd: tower yoru stuff nigger
(12:49 / Allies) GI.Blues: Gold god damn
(13:13 / Allies) LordZedd: goddamn it
(13:38 / Allies) GI.Blues: turtle in water
(14:35 / Allies) UnluckyBassTurd: tower
(17:19 / Allies) rivast123: fuck
(17:20 / Allies) rivast123: game
(17:55 / Allies) UnluckyBassTurd: topwer again
(18:11 / Allies) LordZedd: can I have that expo
(18:18 / Allies) UnluckyBassTurd: yes
(18:26 / Allies) UnluckyBassTurd: upgrade
(19:08 / Allies) rivast123: lol
(19:11 / All) GI.Blues: raped
(19:21 / Allies) GI.Blues: tp
(20:15 / All) Niggels: 1v4 not bad i guess
(20:24 / All) DABILO3DUMB: leave plz niggel
(20:25 / All) GI.Blues: You were raped
(20:29 / All) GI.Blues: Leave
(20:31 / All) DABILO3DUMB: AND U PINK LALW
(20:33 / All) rivast123: is 2vs4 actually
(20:42 / All) Niggels: red dont get me started
(20:52 / All) DABILO3DUMB: ok sorry pink
(21:36 / All) DABILO3DUMB: told u dumbasses i got it
(21:47 / All) rivast123: i dont do any in this map
(21:47 / Allies) UnluckyBassTurd: fuck
(21:48 / Allies) UnluckyBassTurd: lol
(22:03 / Allies) UnluckyBassTurd: wtf
(22:05 / Allies) GI.Blues: Help me stab oj
(22:12 / Allies) UnluckyBassTurd: wh
(22:34 / Allies) GI.Blues: You stole my creeps and will pay in blood
(22:35 / Allies) LordZedd: wtf blue!
(22:36 / All) DABILO3DUMB: come back idiot
(23:26 / Allies) GI.Blues: keep chasing the dk nigger
(24:29 / All) DABILO3DUMB: green u reemmber us from other game right
(24:31 / All) DABILO3DUMB: mountain giants
(24:36 / All) rivast123: yea
(24:52 / All) GI.Blues: That was a pro game, huh?
(24:54 / All) rivast123: mass melle game
(24:57 / All) GI.Blues: Some next level shit.
(25:07 / All) rivast123: Yea i will remmeber this game for all my life
(25:14 / All) DABILO3DUMB: this or that?
(25:17 / All) GI.Blues: Good.
(25:18 / All) rivast123: that
(25:26 / All) rivast123: and this
(26:24 / All) GI.Blues: Pro creepjack
(26:36 / All) LordZedd: my dk regens super fast
(27:54 / Allies) LordZedd: wtf just happened
(27:57 / Allies) LordZedd: !!!
(28:09 / Allies) LordZedd: who killed my wyrm
(28:14 / All) GI.Blues: no idea
(28:18 / All) GI.Blues: Help kill purp god damn
(28:28 / Allies) LordZedd: did you kill my wyrm blue
(28:31 / All) GI.Blues: No idea
(28:34 / All) GI.Blues: I was targeting purp
(28:38 / Allies) UnluckyBassTurd: hes bsinig
(28:39 / All) GI.Blues: He probably did
(29:00 / Allies) LordZedd: My head is spinning, plot swithin plots, intrigue paranoia!
(29:17 / All) rivast123: stupid op orcs towers
(29:18 / All) GI.Blues: Is this expo worth your army purp?
(29:21 / All) GI.Blues: LOL
(29:26 / All) GI.Blues: Wc3 is balanced dumbass
(29:28 / All) GI.Blues: You just suck cock
(29:48 / All) rivast123: the best towers: ORCS
(29:51 / Allies) LordZedd: I require wood gentlemen
(29:59 / All) GI.Blues: No, they just have different towers
(30:06 / All) GI.Blues: Their towers have the longest range
(30:22 / All) rivast123: i am tired of this stupid map
(30:35 / All) GI.Blues: Bye bye purple
(30:38 / All) GI.Blues: Nice TP btw
(30:44 / All) GI.Blues: Your DL has 1 tp left
(30:52 / All) GI.Blues: If you want to waste it too so I can rape you instead
(32:37 / All) rivast123: stupi bats
(32:39 / All) rivast123: stupid orcs
(32:43 / All) DABILO3DUMB: raped
(32:49 / All) rivast123: wc3 is inbalanced
(32:56 / All) GI.Blues: more ne tears pls
(33:31 / All) GI.Blues: Were those 2 acos worth your DL purple?
(34:56 / All) GI.Blues: Is UD overpowered too, green?
(35:18 / All) rivast123: the best most boring game ever
(35:34 / All) DABILO3DUMB: leave then jackass, let me guess " u dont care about the win"
(35:42 / All) GI.Blues: Get the fuck out you pile of shit
(35:49 / All) GI.Blues: Go cry about orc being OP somewhere else noob elf trash
(35:57 / All) GI.Blues: You mad purple?
(35:57 / All) LordZedd: VENGEANCE FOR MY LOST WYRM
(35:59 / All) rivast123: OP OP OP
(35:59 / All) rivast123: SO?
(36:06 / Allies) UnluckyBassTurd: why u killim me oj
(36:07 / All) rivast123: WC3 IS OP!
(36:09 / Allies) UnluckyBassTurd: i saved u
(36:12 / Allies) LordZedd: YOU KILLED MY WYRM
(36:13 / All) GI.Blues: Go kill yourself IRL purple
(36:15 / Allies) UnluckyBassTurd: so stupid
(36:15 / All) rivast123: u will come?
(36:18 / Allies) LordZedd: THAT WAS MY CHILD
(36:19 / All) rivast123: stupid nerd
(36:25 / Allies) UnluckyBassTurd: we loose cause of u
(36:33 / Allies) LordZedd: Why did you attack my wyrm?
(36:34 / Allies) UnluckyBassTurd: really
(36:36 / All) rivast123: i dont want win
(36:39 / Allies) UnluckyBassTurd: blue is bsing u stupid
(36:42 / All) GI.Blues: we loose because of you - purp
(36:44 / Allies) UnluckyBassTurd: i was saving u most the game
(36:45 / Allies) GI.Blues: So is OJ
(36:47 / Allies) GI.Blues: We are in on it together
(36:49 / Allies) LordZedd: SO THAT'S WHY YOU ATTACK ME?
(36:49 / Allies) GI.Blues: Dumbfuck
(36:52 / Allies) LordZedd: BECAUSE BLUE ATTACK YOU!?
(37:13 / Allies) LordZedd: I do appreciate you saving me, you're an awesome teammate
(37:17 / Allies) LordZedd: I had given up before I saw tp
(37:41 / Allies) UnluckyBassTurd: blue is bsing oj
(37:49 / All) GI.Blues: blue is bsing oj - purp
(37:50 / All) rivast123: blue is terrible
(37:51 / All) GI.Blues: LOL NO
(38:00 / All) GI.Blues: I am so bad that I raped my entire time EZ green
(38:01 / All) rivast123: LOL YE
(38:02 / All) GI.Blues: I won this 2v6
(38:13 / Allies) UnluckyBassTurd: get an expo
(38:17 / All) rivast123: 'I AM SO BAD THAT I RAPEDMY ENTIRE TIME EZ GREEN'
(38:19 / All) rivast123: LOL NO
(38:22 / All) rivast123: SHUT UP
(38:29 / All) GI.Blues: You mad noob elf trash?
(38:34 / All) rivast123: LOL
(38:34 / Allies) UnluckyBassTurd: c blue bses
(38:36 / All) rivast123: ELF?
(38:37 / All) GI.Blues: You sound mad
(38:40 / All) rivast123: U THINK I AM ELF?
(38:42 / All) rivast123: SO NERD
(38:48 / All) GI.Blues: Your race in-game is noob elf
(38:54 / Allies) GI.Blues: Noob elf buildings
(38:57 / All) rivast123: HE THINK I AM NELF!!!rOFL!!!!
(38:58 / Allies) UnluckyBassTurd: ok blue
(39:02 / All) rivast123: ROFL!!
(39:03 / Allies) UnluckyBassTurd: oj need to kill
(39:05 / All) GI.Blues: You can remake your heroes, you have 1.2k gold
(39:07 / Allies) GI.Blues: lol
(39:11 / All) rivast123: LOL
(39:12 / All) rivast123: LOL
(39:14 / Allies) UnluckyBassTurd: oj
(39:16 / All) rivast123: LOL
(39:17 / Allies) UnluckyBassTurd: need to kill blue
(39:18 / Allies) UnluckyBassTurd: wtf
(39:22 / All) rivast123: I CAN REMAKE HEROS
(39:22 / All) GI.Blues: You morons, oj, red, and I are in on this
(39:24 / All) GI.Blues: We are friends
(39:29 / All) GI.Blues: We planned on stabbing from the start
(39:30 / All) rivast123: STUPID UNSOCIAL NERD
(39:32 / Allies) UnluckyBassTurd: lol
(39:34 / Allies) UnluckyBassTurd: great
(39:37 / All) GI.Blues: We arrange our rapage in channel Jake
(39:39 / All) GI.Blues: Visit it sometime
(39:46 / Allies) UnluckyBassTurd: here oj i will unsummon all
(40:15 / Allies) UnluckyBassTurd: wow
(40:26 / Allies) GI.Blues: You had a beetle here purple
(40:28 / Allies) GI.Blues: I killed it
(40:33 / Allies) UnluckyBassTurd: lol
(40:35 / Allies) UnluckyBassTurd: what ever
(40:42 / Allies) UnluckyBassTurd: make this game go longer than it should
(40:52 / All) GI.Blues: make this game go longer than it should - purple
(40:55 / All) GI.Blues: Oh, I will.
(41:20 / All) GI.Blues: Hope you don't mind losing these last three units green.
(41:47 / Allies) LordZedd: he has a hero?
(41:56 / Allies) UnluckyBassTurd: and peons
(41:59 / All) GI.Blues: Maybe he does. I told him he had gold to revive it saved up.
(42:01 / All) rivast123: WHAT?am at facebook
(42:03 / Allies) LordZedd: 5 food
(42:05 / All) GI.Blues: Green that is.
(42:08 / All) rivast123: i have social life blue
(42:12 / Allies) UnluckyBassTurd: he is bsing u oj
(42:15 / Allies) UnluckyBassTurd: your so newb
(42:15 / All) GI.Blues: Facebook isn't a social life.
(42:18 / Allies) GI.Blues: No I'm not, fool
(42:26 / All) LordZedd: having a facebook doesn't mean you have a social life
(42:30 / All) rivast123: call me nefl is not social life blue
(42:37 / All) rivast123: stupid nerd
(42:44 / All) DABILO3DUMB: i feel like watching jurassic park
(42:47 / All) GI.Blues: You played as noob elf in this game. It's the in-game race you chose.
(42:47 / All) DABILO3DUMB: love them dinosaurs
(42:56 / All) GI.Blues: Jurassic Park was a good movie series.
(43:07 / Allies) UnluckyBassTurd: lol
(43:11 / All) GI.Blues: Raped.
(43:22 / All) DABILO3DUMB: green really wants the win i guess
(43:27 / All) DABILO3DUMB: so does purp
(43:28 / Allies) UnluckyBassTurd: expoing
(43:29 / All) LordZedd: have your BM attack my dk
(43:34 / All) LordZedd: I want to see how quick it regenerates
(43:39 / All) LordZedd: hang on
(43:40 / All) rivast123: i dont know why i waste time here
(43:40 / All) GI.Blues: Purple noticed that you expoed, Flamechamp
(43:42 / All) rivast123: lol
(43:42 / All) GI.Blues: He pinged it
(43:51 / All) GI.Blues: Good, now get the fuck out purple
(43:56 / All) GI.Blues: Go masturbate to scat porn.
(43:56 / Allies) UnluckyBassTurd: nope
(44:01 / All) GI.Blues: Or do something else to occupy your time.
(44:07 / Allies) UnluckyBassTurd: going to leave my stuff here and go to bed
(44:09 / All) GI.Blues: We can just unsummon all of our buildings and give you the loss.
(44:19 / All) GI.Blues: That will only cost you electricity, purple.
(44:26 / Allies) UnluckyBassTurd: and u time
(44:34 / All) GI.Blues: Takes like 3 minutes to unsummon our shit.
(45:59 / All) LordZedd: look at regeneration
(46:08 / All) DABILO3DUMB: raped
(46:09 / All) GI.Blues: Where?
(46:28 / All) GI.Blues: Nice
(46:33 / Allies) LordZedd: now watch
(46:36 / All) GI.Blues: I need dual level 6 heroes
(46:48 / Allies) LordZedd: that's like healing rain
(46:57 / All) GI.Blues: Feed me, red?
(47:10 / All) DABILO3DUMB: pink base bot rigt expo
(47:20 / All) GI.Blues: k
(47:34 / All) DABILO3DUMB: purple really wants the win unsummon yo shit i want to eat
(47:40 / All) GI.Blues: k
(47:48 / Allies) UnluckyBassTurd: afk
(47:59 / Allies) GI.Blues: You lose, purp. only 2 secs to unsummon everything
(48:23 / All) DABILO3DUMB: and top left ton of hh
(48:27 / All) DABILO3DUMB: top right i mean
(48:29 / All) GI.Blues: I just have 2 mines now
(49:28 / All) GI.Blues: Is your shit unsummoned yet, Turncoat?
(49:36 / All) GI.Blues: Still a few buildings
(51:37 / All) DABILO3DUMB: my main base kodo beasts
(51:49 / All) GI.Blues: Need to kill purple's stuff
(52:57 / All) DABILO3DUMB: if diablo 3 does release on feb 1, then kingdoms of amalur is gonna go bankrupt lawl
(52:57 / All) LordZedd: Hero has 61 str
(52:58 / All) GI.Blues: Pretty sure my team now only has 2 buildings that I can unsummon
(53:04 / All) GI.Blues: Any parting words, gentlemen?
(53:08 / All) LordZedd: Is that when it releases?
(53:15 / All) DABILO3DUMB: it releases on feb 7
(53:19 / All) DABILO3DUMB: it can't compete vs diablo 3
(53:21 / All) DABILO3DUMB: i feel bad
(53:23 / All) GI.Blues: An article I linked on MSN said that D3 is on February 1st
(53:26 / All) GI.Blues: And 3rd in the UK
(53:34 / All) DABILO3DUMB: its not accurate
(53:39 / All) DABILO3DUMB: stay there oj
(53:40 / All) LordZedd: watch this recovery
(53:50 / All) LordZedd: is there a cap
(53:52 / All) GI.Blues: I'm watching
(54:06 / All) LordZedd: anymore giant belts
(54:15 / All) GI.Blues: I have one, but I want it
(55:31 / All) GI.Blues: These kodos are forsaken
(55:34 / All) GI.Blues: They are only animations
(55:54 / All) GI.Blues: GAME
(55:57 / All) GI.Blues: BYE PURPLE
(56:05 / All) GI.Blues: UNSUMMONED BITCH
(56:08 / All) DABILO3DUMB: i shall be on msn
(56:12 / All) GI.Blues: GOODBYE 2 BUILDINGS
(56:40 / All) GI.Blues: There is some buildings still
(56:42 / All) GI.Blues: Turncoat
(56:44 / All) GI.Blues: unsummon your shit
(56:45 / All) GI.Blues: wtf
(56:49 / Allies) LordZedd: I am
(56:53 / All) GI.Blues: Oh
(56:56 / All) GI.Blues: thought you did earlier
(57:00 / All) GI.Blues: Fun match
(57:05 / All) GI.Blues: Purple and green were stupid
(57:35 / All) LordZedd: I would have liked full inv of giant belts
(57:43 / All) LordZedd: plus health stone
(57:44 / All) GI.Blues: Would need to be super lucky with drops
(57:48 / All) LordZedd: and ring orecov
(57:58 / All) DABILO3DUMB: custom game offline knock yourself out nigga
(58:05 / All) GI.Blues: lol
(58:09 / All) GI.Blues: World editor is pro
(58:10 / All) LordZedd: I'll never do that